Map: Dash and Terminal LE (Void)

Players

Tefel

  • Race: Zerg Zerg
  • League: Grandmaster

TomikuS - Winner!

  • Race: Zerg Zerg
  • League: Grandmaster

Event: Lycan League Weekly August #1

VOD

Have the link to the VOD?

Description

Time

  • Played on: Aug. 3, 2015, 1:26 p.m.
  • Length: 5:58

All games in this series

Show
View Real Time Build Order
Export as new Build Order

Tefel Zerg 

Build Orders: Pool First 

Get SALT Encoding   

  12  0:00  Drone  
  13  0:08  Drone  
  14  0:16  Overlord  
  14  0:30  Extractor  
  14  0:31  Drone  
  14  0:35  Drone  
  16  0:41  Spawning Pool  
  15  0:45  Drone  
  16  1:06  Hatchery  
  16  1:08  Drone  
  16  1:25  Drone  
  17  1:26  Extractor  
  17  1:27  Drone x2  
  17  1:30  Queen  
  20  1:37  Overlord  
  20  1:48  Drone  
  21  1:58  Drone  
  22  2:05  Queen  
  24  2:09  Drone  
  25  2:20  Drone  
  25  2:21  Drone  
  27  2:31  Drone x2  
  27  2:32  Metabolic Boost  
  29  2:38  Drone x4  
  29  2:39  Drone  
  29  2:43  Overlord  
  34  2:50  Drone  
  35  2:54  Drone  
  36  3:02  Drone  
  37  3:05  Lair  
  37  3:08  Drone  
  37  3:09  Extractor  
  37  3:10  Drone x4  
  41  3:13  Overlord  
  41  3:14  Drone x3  
  41  3:19  Extractor  
  34  3:20  Spine Crawler  
  34  3:22  Drone  
  34  3:25  Drone  
  34  3:26  Drone  
  36  3:30  Drone  
  37  3:36  Drone  
  37  3:39  Drone  
  39  3:43  Drone x4  
  43  3:49  Spine Crawler  
  43  3:52  Drone, Zergling x2  
  43  3:55  Zergling x2  
  45  3:56  Zergling x2  
  45  4:02  Extractor  
  45  4:07  Zergling x2  
  45  4:09  Spire, Zergling x2  
  46  4:15  Drone x2  
  48  4:17  Drone x2  
  48  4:19  Drone  
  48  4:21  Zergling x2  
  51  4:27  Overlord  
  51  4:32  Zergling x2  
  51  4:33  Overlord  
  51  4:39  Zergling x2  
  51  4:43  Overlord  
  51  4:44  Queen  
  51  4:45  Overlord  
  53  4:49  Zergling x4  
  53  4:51  Drone x2  
  54  5:08  Spine Crawler  
  54  5:09  Spine Crawler  
  52  5:20  Mutalisk x6  
  64  5:23  Mutalisk  
  64  5:25  Zergling x2  
  64  5:27  Zergling x2  
  67  5:30  Zergling x4  
  67  5:34  Zergling x4  
  69  5:36  Zergling x2  
  69  5:41  Zergling x2  
Show
View Real Time Build Order
Export as new Build Order

TomikuS Zerg - Winner!

Build Orders: Pool First 

Get SALT Encoding   

  12  0:01  Drone  
  13  0:14  Overlord  
  13  0:19  Drone  
  14  0:32  Drone x2  
  16  0:36  Drone  
  17  0:47  Spawning Pool  
  17  0:49  Drone  
  17  1:00  Drone  
  18  1:14  Hatchery  
  17  1:20  Extractor  
  17  1:21  Drone  
  17  1:22  Drone  
  18  1:33  Queen  
  18  1:37  Overlord  
  20  1:53  Zergling x2  
  21  1:54  Drone  
  22  2:07  Baneling Nest  
  21  2:09  Queen  
  23  2:20  Drone x2  
  25  2:33  Drone x2  
  27  2:43  Drone x5  
  27  2:44  Drone  
  33  2:50  Baneling  
  33  2:51  Baneling  
  33  2:59  Spine Crawler  
  33  3:03  Overlord  
  32  3:06  Metabolic Boost  
  31  3:22  Drone x6  
  31  3:26  Zergling x2  
  39  3:27  Zergling x10  
  44  3:34  Roach Warren  
  44  3:37  Extractor  
  44  3:40  Overlord  
  42  3:48  Overlord x2  
  42  4:04  Overlord  
  42  4:14  Roach x4  
  42  4:15  Roach x3  
  42  4:16  Roach x2  
  59  4:31  Roach x2  
  59  4:32  Roach  
  63  4:50  Zergling x14  
  70  4:54  Zergling x12  
  70  4:55  Zergling x2  
  70  4:56  Zergling x2  
  76  5:10  Overlord, Baneling x2  
  76  5:16  Overlord  
  76  5:19  Baneling  
  76  5:20  Baneling x7  
  72  5:29  Roach, Zergling x2  
  72  5:30  Zergling x12  
  72  5:35  Roach  
  82  5:36  Roach  
  82  5:41  Zergling x4  

Tags
 
Add a new tag
Caveats
  • Supply blocks, unpowered buildings, or Contaminate may cause inaccurate times.
  • Supply counts are checked every 10 seconds.